 Dungeon Crawl Stone Soup version 0.26.0-10-g1f06aea511 (webtiles) character file.

Game seed: 17908003509720338137

41139 Arthanis the Scorcher (level 13, -2/66 HPs)
             Began as a Deep Elf Fire Elementalist on Jan 19, 2021.
             Was a High Priest of Vehumet.
             Shot with a bolt by a yaktaur captain (20 damage)
             ... on level 15 of the Dungeon.
             The game lasted 00:38:36 (18402 turns).

Arthanis the Scorcher (Deep Elf Fire Elementalist) Turns: 18402, Time: 00:38:36

Health: -2/66      AC:  8    Str:  5    XL:     13   Next: 78%
Magic:  3/33       EV: 18    Int: 26    God:    Vehumet [*****.]
Gold:   1108       SH:  8    Dex: 24    Spells: 15/40 levels left

rFire    . . .     SeeInvis +   V - staff of poison
rCold    . . .     Faith    .   p - +2 buckler {reflect}
rNeg     . . .     Spirit   .   J - +0 robe {Will+}
rPois    +         Reflect  +   W - +2 helmet
rElec    .         Harm     .   B - +0 cloak
rCorr    .         Rampage  .   H - +1 pair of gloves {Dex+3}
Will     ++...                  (no boots)
Stlth    +++.......             t - amulet of magic regeneration
HPRegen  0.21/turn              Y - +6 ring of dexterity
MPRegen  0.48/turn              b - ring of see invisible

@: about to teleport
A: no striking features
a: Renounce Religion


You were on level 15 of the Dungeon.
You worshipped Vehumet.
Vehumet was extremely pleased with you.
You visited 1 branch of the dungeon, and saw 15 of its levels.
You also visited: Bailey and Gauntlet.

You collected 1346 gold pieces.
You spent 238 gold pieces at shops.

Inventory:

Hand Weapons
 K - a +4 trident
 U - a +2 long sword of flaming
Missiles
 X - 4 throwing nets
Armour
 p - a +2 buckler of reflection (worn)
 B - a +0 cloak (worn)
 H - a +1 pair of gloves of dexterity (worn)
 J - a +0 robe of willpower (worn)
 W - a +2 helmet (worn)
Magical Staves
 P - an uncursed staff of cold
 V - an uncursed staff of poison (weapon)
Jewellery
 b - a ring of see invisible (right hand)
 f - an uncursed ring of flight
 t - an amulet of magic regeneration (around neck)
 w - the amulet "Ytoith" {Inacc rElec rN++ Int+3, unknown}
   (You found it in a Gauntlet)

   [amulet of inaccuracy]

   It reduces the accuracy of all your attacks.
   It affects your intelligence (+3).
   It insulates you from electricity.
   It greatly protects you from negative energy.
 Y - a +6 ring of dexterity (left hand)
 Z - an uncursed amulet of reflection
Wands
 a - a wand of iceblast (2)
 u - a wand of flame (52)
 y - a wand of paralysis (35)
 z - a wand of polymorph (4)
 T - a wand of random effects (31)
Scrolls
 c - 5 scrolls of enchant weapon
 h - a scroll of blinking
 i - a scroll of brand weapon {unknown}
 k - 2 scrolls of enchant armour
 l - 7 scrolls of teleportation
 m - 4 scrolls of magic mapping
 o - a scroll of immolation {unknown}
 q - 5 scrolls of amnesia
 v - 7 scrolls of remove curse
 C - a scroll of holy word {unknown}
 G - a scroll of vulnerability {unknown}
 L - a scroll of acquirement {unknown}
 Q - a scroll of torment {unknown}
 R - 2 scrolls of fear
Potions
 d - 4 potions of mutation
 e - 2 potions of lignification
 j - 10 potions of curing
 n - a potion of attraction {unknown}
 r - 4 potions of haste {unknown}
 s - 3 potions of might
 x - 3 potions of cancellation
 A - 2 potions of magic {unknown}
 D - 2 potions of flight
 M - 3 potions of heal wounds
 N - 2 potions of berserk rage {unknown}
 O - 2 potions of resistance {unknown}
 S - a potion of brilliance {unknown}
Miscellaneous
 F - a box of beasts
 I - a phial of floods


   Skills:
 - Level 2.0 Fighting
 + Level 6.5 Dodging
 - Level 3.0 Stealth
 - Level 4.0 Shields
 + Level 14.2 Spellcasting
 + Level 12.0 Conjurations
 * Level 16.6 Fire Magic
 + Level 5.7 Evocations


You had 15 spell levels left.
You knew the following spells:

 Your Spells              Type           Power        Failure   Level
a - Foxfire               Conj/Fire      100%         0%          1
b - Conjure Flame         Conj/Fire      75%          1%          3
c - Sticky Flame          Conj/Fire      75%          1%          4
d - Fireball              Conj/Fire      37%          1%          5
e - Stone Arrow           Conj/Erth      98%          1%          3
f - Airstrike             Air            9%           9%          4
g - Bolt of Magma         Conj/Fire/Erth 31%          1%          5

Your spell library contained the following spells:

 Spells                   Type           Power        Failure   Level
 Freeze                   Ice            72%          1%          1
 Sandblast                Erth           36%          1%          1
 Inner Flame              Hex/Fire       58%          1%          3
 Hailstorm                Conj/Ice       49%          1%          4
 Frozen Ramparts          Ice            36%          2%          3
 Passwall                 Tmut/Erth      15%          4%          2
 Confusing Touch          Hex            18%          9%          3
 Gell's Gravitas          Tloc           9%           9%          3
 Ozocubu's Armour         Ice            18%          9%          3
 Lee's Rapid Deconstruct  Erth           9%           21%         5
 Yara's Violent Unravell  Hex/Tmut       9%           21%         5
 Petrify                  Tmut/Erth      18%          30%         4
 Summon Ice Beast         Ice/Summ       18%          30%         4
 Metabolic Englaciation   Hex/Ice        9%           63%         5


Dungeon Overview and Level Annotations

Branches:
Dungeon (15/15)            Temple (0/1) D:5            Lair (0/6) D:9
    Orc (0/2) D:12         Vaults (0/5) D:13         Depths (0/5) D:15
 Bailey (visited)         Gauntlet (visited)

Altars:
Makhleb
Okawaru
Qazlal
Ru
Sif Muna
Vehumet
Xom
Yredelemnul

Shops:
D:5 !

Annotations:
D:11 3 runed translucent doors, zamkadom's ghost, journeyman MiFi


Message History

Okay, then.
Casting: Bolt of Magma (dangerous; 1% risk of failure)
Confirm with . or Enter, or press ? or * to list all spells.
Aiming: Sticky Flame (safe; 1% risk of failure)
Press: ? - help, Shift-Dir - straight line, f/p - flying skull
Aim: a flying skull (0% to evade)
The sticky flame hits the flying skull.
The flying skull resists.
The flying skull is lightly damaged.
The flying skull is covered in liquid flames!
The flying skull burns!
The flying skull misses you. The flying skull closely misses you.
As you read the scroll of teleportation, it crumbles to dust.
You feel strangely unstable. The flying skull completely misses you.
The flying skull burns!
The flying skull misses you.
The flying skull burns!
The flying skull stops burning.
A yaktaur captain comes into view.
The yaktaur captain shouts!
The yaktaur captain wields a +0 arbalest.
The yaktaur captain shoots a bolt.
The bolt hits you!!
You die...

≈.≈.≈(##########.######≈≈≈#
.≈.≈.≈#..≈.≈........≈#≈≈≈≈#
≈.≈.≈..≈≈≈≈≈≈c.≈≈≈≈≈≈≈.≈≈≈#
.≈.≈.≈≈≈≈≈≈≈≈≈≈≈≈≈≈≈≈≈≈≈≈≈#
####c(≈≈≈≈≈≈≈.≈≈≈≈.≈≈≈≈≈≈.#
#.#§.≈≈.≈≈≈≈≈≈≈≈≈.≈≈≈.≈#
#.#≈≈≈≈#.≈≈≈≈....≈...≈##
#.#≈≈≈≈######.#########
#§#≈≈≈≈# #@# #§##≈≈≈# #z#
#§#*#≈## #.# #§# *≈# #.#
#§##**#######.#
#§§####.....(.#
##§§##..####### ##§§§.##
######


You could see a yaktaur captain and a flying skull.

Vanquished Creatures
  A cacodemon (Gauntlet)
  A minotaur (Gauntlet)
  Snorg (D:12)
  A yaktaur captain (D:13)
  A boulder beetle (D:15)
  Harold (D:8)
  A hydra (D:13)
  3 centaur warriors (D:15)
  4 two-headed ogres
  A death scarab (Gauntlet)
  A tengu warrior (D:14)
  Nergalle (D:10)
  5 skeletal warriors
  An unseen horror (D:12)
  A necromancer (Gauntlet)
  A manticore (D:12)
  3 cyclopes
  9 ugly things
  An orc knight (Bailey)
  An elephant (D:9)
  Maggie (D:7)
  3 centaur skeletons
  2 kobold demonologists (D:14)
  2 efreet
  2 yaktaurs (D:13)
  2 trolls
  A hornet (shapeshifter) (D:13)
  A hornet (D:7)
  3 slime creatures (D:13)
  11 flying skulls (D:15)
  A shadow (D:15)
  A wraith (D:11)
  A water elemental (D:15)
  15 yaks
  A steam dragon (D:12)
  3 basilisks
  3 neqoxecs (Gauntlet)
  A spectral cane toad (Gauntlet)
  3 vampire mosquitoes (D:15)
  A water moccasin (D:8)
  An ice beast (D:11)
  13 orc warriors
  A hornet zombie (D:13)
  A swamp drake (D:12)
  4 sky beasts
  2 black bears
  An eye of draining (D:12)
  4 boggarts (D:11)
  10 ogres
  A phantom (D:6)
  3 wolves (Gauntlet)
  20 centaurs
  9 bullfrogs
  A gnoll sergeant (D:12)
  A water moccasin zombie (D:8)
  A wyvern skeleton (D:10)
  A water moccasin skeleton (D:7)
  6 scorpions
  6 killer bees (D:10)
  14 wights
  2 electric eels (D:15)
  3 howler monkeys
  2 centaur zombies
  A bullfrog zombie (D:5)
  4 jellies
  12 orc priests
  2 bullfrog skeletons
  A gnoll shaman (D:8)
  5 hounds
  18 orc wizards
  5 iguanas
  7 worker ants
  3 hound zombies
  2 hound skeletons
  A howler monkey zombie (D:6)
  16 gnolls
  18 adders
  A white imp (D:8)
  2 ufetubi
  3 oozes
  6 worms
  3 adder skeletons
  A dart slug (D:1)
  5 leopard geckos
  88 orcs
  2 ball pythons
  7 bats
  6 giant cockroaches
  7 hobgoblins
  4 jackals
  4 kobolds
  A quokka (D:8)
  5 frilled lizards
  13 goblins
  A leopard gecko skeleton (D:5)
  A leopard gecko zombie (D:5)
  3 quokka skeletons
  2 rats
464 creatures vanquished.

Vanquished Creatures (collateral kills)
  A cyclops (D:12)
  12 foxfires (D:4)
13 creatures vanquished.

Vanquished Creatures (others)
  1739 foxfires
  5 fungi (Gauntlet)
  14 plants
1758 creatures vanquished.

Grand Total: 2235 creatures vanquished

Notes
Turn   | Place    | Note
-------+----------+-------------------------------------------
     0 | D:1      | Arthanis the Deep Elf Fire Elementalist began the quest for
                  | the Orb.
     0 | D:1      | Reached XP level 1. HP: 10/10 MP: 6/6
   333 | D:1      | Reached XP level 2. HP: 15/15 MP: 2/8
  1167 | D:2      | Reached skill level 4 in Fire Magic
  1271 | D:2      | Reached XP level 3. HP: 19/19 MP: 7/10
  1275 | D:2      | Learned a level 3 spell: Conjure Flame
  1747 | D:2      | Reached XP level 4. HP: 24/24 MP: 4/11
  1753 | D:2      | Learned a level 4 spell: Sticky Flame
  2559 | D:3      | Found a stormy altar of Qazlal.
  2560 | D:3      | Found a burning altar of Makhleb.
  2561 | D:3      | Found a shimmering blue altar of Sif Muna.
  2561 | D:3      | Found a sacrificial altar of Ru.
  2563 | D:3      | Found a shimmering altar of Xom.
  2564 | D:3      | Found a basalt altar of Yredelemnul.
  2696 | D:3      | Found an iron altar of Okawaru.
  3019 | D:3      | Reached skill level 5 in Fire Magic
  3299 | D:3      | Reached XP level 5. HP: 28/28 MP: 8/13
  3621 | D:4      | Found a radiant altar of Vehumet.
  3643 | D:4      | Became a worshipper of Vehumet
  3744 | D:4      | Reached skill level 5 in Spellcasting
  3744 | D:4      | Reached XP level 6. HP: 32/32 MP: 11/15
  3750 | D:4      | Learned a level 5 spell: Fireball
  3867 | D:4      | Reached skill level 6 in Fire Magic
  4143 | D:4      | Reached XP level 7. HP: 31/36 MP: 13/17
  4558 | D:5      | Entered Level 5 of the Dungeon
  4596 | D:5      | Reached skill level 7 in Fire Magic
  4995 | D:5      | Reached * piety under Vehumet
  4995 | D:5      | Offered knowledge of Freeze by Vehumet.
  5148 | D:5      | Found Siysiq's Distillery.
  5158 | D:5      | Bought a potion of curing for 42 gold pieces
  5158 | D:5      | Bought a potion of invisibility for 112 gold pieces
  5158 | D:5      | Bought a potion of flight for 42 gold pieces
  5158 | D:5      | Bought a potion of lignification for 42 gold pieces
  5581 | D:5      | Reached skill level 5 in Conjurations
  5581 | D:5      | Reached skill level 8 in Fire Magic
  5581 | D:5      | Reached XP level 8. HP: 41/41 MP: 16/20
  5623 | D:5      | Found a staircase to the Ecumenical Temple.
  5785 | D:4      | HP: 1/41 [yak (18)]
  6122 | D:5      | Reached skill level 9 in Fire Magic
  6341 | D:5      | Reached ** piety under Vehumet
  6341 | D:5      | Offered knowledge of Sandblast by Vehumet.
  6568 | D:6      | You fall into a shaft and drop 3 floors!
  6607 | D:9      | Reached XP level 9. HP: 45/45 MP: 20/23
  6716 | D:8      | Reached skill level 1 in Evocations
  6861 | D:8      | Found a flagged portal.
  6886 | Bailey   | Entered a bailey
  6895 | Bailey   | Reached skill level 10 in Fire Magic
  6956 | Bailey   | Offered knowledge of Stone Arrow by Vehumet.
  6964 | Bailey   | Learned a level 3 spell: Stone Arrow
  7009 | Bailey   | Noticed an orc knight
  7033 | Bailey   | Reached *** piety under Vehumet
  7061 | Bailey   | Killed an orc knight
  7070 | Bailey   | Noticed an orc knight
  7070 | Bailey   | Noticed an orc knight
  7114 | D:8      | Reached skill level 11 in Fire Magic
  7517 | D:6      | Reached XP level 10. HP: 50/50 MP: 18/25
  7702 | D:6      | Offered knowledge of Airstrike by Vehumet.
  7723 | D:6      | Learned a level 4 spell: Airstrike
  8815 | D:7      | Reached **** piety under Vehumet
  8947 | D:7      | Noticed Maggie
  8951 | D:7      | Killed Maggie
  9326 | D:8      | Offered knowledge of Dazzling Flash by Vehumet.
  9712 | D:8      | Reached skill level 10 in Spellcasting
  9772 | D:8      | Noticed Harold
  9777 | D:8      | Killed Harold
  9778 | D:8      | Reached skill level 12 in Fire Magic
 10451 | D:9      | Noticed an elephant
 10476 | D:9      | Killed an elephant
 10526 | D:9      | Found a staircase to the Lair.
 10931 | D:10     | Entered Level 10 of the Dungeon
 11138 | D:10     | Reached skill level 1 in Fighting
 11159 | D:10     | You fall into a shaft and drop 1 floor!
 11191 | D:11     | Noticed a green ugly thing
 11201 | D:11     | Killed a green ugly thing
 11202 | D:11     | Reached XP level 11. HP: 55/56 MP: 16/28
 11230 | D:11     | Reached skill level 13 in Fire Magic
 11506 | D:11     | Reached skill level 1 in Shields
 11627 | D:10     | Noticed a purple ugly thing
 11633 | D:10     | Killed a purple ugly thing
 11756 | D:10     | Reached ***** piety under Vehumet
 12039 | D:10     | Offered knowledge of Freezing Cloud by Vehumet.
 12159 | D:10     | Noticed Nergalle
 12167 | D:10     | Killed Nergalle
 12290 | D:10     | Reached skill level 5 in Dodging
 12660 | D:11     | Noticed a brown ugly thing
 12664 | D:11     | Killed a brown ugly thing
 12990 | D:11     | Noticed a minotaur
 12995 | D:11     | Noticed zamkadom's ghost (journeyman MiFi)
 13049 | D:11     | Found a runed translucent gate.
 13050 | D:11     | Found a runed translucent gate.
 13051 | D:11     | Found a runed translucent gate.
 13464 | D:12     | Noticed Snorg
 13473 | D:12     | Killed Snorg
 13607 | D:12     | Noticed a two-headed ogre
 13617 | D:12     | Killed a two-headed ogre
 13618 | D:12     | Reached XP level 12. HP: 62/62 MP: 25/29
 13778 | D:12     | Found a staircase to the Orcish Mines.
 13987 | D:12     | Reached skill level 14 in Fire Magic
 14099 | D:12     | Reached skill level 10 in Conjurations
 14306 | D:13     | Noticed an eight-headed hydra
 14311 | D:13     | Killed an eight-headed hydra
 14641 | D:13     | Noticed a yaktaur captain
 14644 | D:13     | Killed a yaktaur captain
 14936 | D:13     | Noticed a two-headed ogre
 14944 | D:13     | Killed a two-headed ogre
 14960 | D:13     | Noticed a two-headed ogre
 14966 | D:13     | Killed a two-headed ogre
 14967 | D:13     | Reached skill level 15 in Fire Magic
 15687 | D:13     | Found a gate to the Vaults.
 15841 | D:13     | Offered knowledge of Bolt of Magma by Vehumet.
 15842 | D:13     | Reached XP level 13. HP: 66/66 MP: 26/32
 15851 | D:13     | Learned a level 5 spell: Bolt of Magma
 16759 | D:15     | Entered Level 15 of the Dungeon
 16909 | D:15     | Found a gate leading to a gauntlet.
 16988 | Gauntlet | Entered a Gauntlet
 16988 | Gauntlet | Found a transporter.
 16988 | Gauntlet | Found a transporter.
 16996 | Gauntlet | Found a transporter.
 17008 | Gauntlet | Reached skill level 16 in Fire Magic
 17009 | Gauntlet | Found a transporter.
 17022 | Gauntlet | Found a transporter.
 17155 | Gauntlet | Found a transporter.
 17165 | Gauntlet | Found a large runed translucent door.
 17165 | Gauntlet | Found a large runed translucent door.
 17166 | Gauntlet | Found a large runed translucent door.
 17166 | Gauntlet | Found a large runed translucent door.
 17172 | Gauntlet | Found a large runed translucent door.
 17172 | Gauntlet | Found a large runed translucent door.
 17172 | Gauntlet | Found a runed translucent gate.
 17172 | Gauntlet | Found a runed translucent door.
 17172 | Gauntlet | Found a large runed translucent door.
 17172 | Gauntlet | Found a large runed translucent door.
 17173 | Gauntlet | Noticed a cacodemon
 17177 | Gauntlet | Found a transporter.
 17182 | Gauntlet | Found a transporter.
 17183 | Gauntlet | Found a runed translucent door.
 17184 | Gauntlet | Found a large runed translucent door.
 17184 | Gauntlet | Found a large runed translucent door.
 17184 | Gauntlet | Found a large runed translucent door.
 17184 | Gauntlet | Found a large runed translucent door.
 17185 | Gauntlet | Found a large runed translucent door.
 17185 | Gauntlet | Found a large runed translucent door.
 17186 | Gauntlet | Found a large runed translucent door.
 17186 | Gauntlet | Found a large runed translucent door.
 17256 | Gauntlet | Found a runed translucent gate.
 17256 | Gauntlet | Found a runed translucent gate.
 17257 | Gauntlet | Found a transporter.
 17295 | Gauntlet | Killed a cacodemon
 17490 | Gauntlet | Found a transporter.
 17515 | Gauntlet | Got a translucent brass amulet
 17532 | Gauntlet | Noticed a minotaur
 17540 | Gauntlet | Killed a minotaur
 17796 | D:15     | Reached skill level 5 in Evocations
 18402 | D:15     | Shot with a bolt by a yaktaur captain

Illustrated notes

Levels and vault maps discovered:
D:1:      onia_arrival_mini_maze, layout_basic
D:2:      layout_rooms, bh_walls_and_bars
D:3:      minmay_general_purpose_star, layout_loops_ring,
          grunt_temple_overflow_open, kennysheep_okawaru_gauntlet
D:4:      layout_gridville, serial_bayou, serial_bayou_pond_e,
          serial_bayou_pond_b, serial_bayou_lake_a, serial_bayou_shore_b,
          vehumet_altar_wand_db
D:5:      layout_basic, minmay_temple_entry_mini_moons, serial_shops, shop
D:6:      layout_basic, gup_sewer_entry_bubbles, lemuel_another_geyser
D:7:      layout_loops_ring, uniq_maggie
D:8:      layout_basic, enter_bailey_4, uniq_harold
D:9:      layout_irregular_city, david_lair_generic
D:10:     layout_long_grid, grunt_ministairs_11, uniq_nergalle
D:11:     layout_irregular_city, maelrawn_ghost_gauntlet_escape
D:12:     layout_cave_pools, erik_orc_1, serial_column_ruins,
          column_ruins_grid_5, column_ruins_hut, column_ruins_grid_2,
          column_ruins_open_small, column_ruins_open_tiny,
          column_ruins_open_small, column_ruins_columns_straight,
          column_ruins_open_tiny, drop_trap, uniq_snorg
D:13:     layout_irregular_city, david_vaults_2
D:14:     layout_rooms, minmay_misc_feat_alley
D:15:     grunt_enter_depths_snipers, layout_basic, gauntlet_entry_generic,
          chequers_serial_rivers_large_a, minmay_guarded_unrand_skullcrusher

Skill      XL: |  1  2  3  4  5  6  7  8  9 10 11 12 13 |
---------------+----------------------------------------+-----
Fire Magic     | 4 5 6 8 9 11 12 13 15 16 | 16.6
Conjurations   | 2 3 4 5 6 7 9 11 12 | 12.0
Spellcasting   | 4 5 6 8 9 11 13 14 | 14.2
Stealth        | 3 |  3.0
Evocations     | 2 4 5 |  5.7
Dodging        | 4 6 |  6.5
Fighting       | 1 2 |  2.0
Shields        | 4 |  4.0

Action                   |  1- 3 |  4- 6 |  7- 9 | 10-12 | 13-15 || total
-------------------------+-------+-------+-------+-------+-------++-------
Melee: Short sword       |     1 |       |     3 |       |       ||     4
       Trident           |       |       |       |    11 |       ||    11
       Long sword        |       |       |       |     8 |     1 ||     9
       Staff             |       |       |       |       |     3 ||     3
 Cast: Foxfire           |    94 |   131 |   236 |   545 |    70 ||  1076
       Sticky Flame      |       |       |     9 |    32 |    12 ||    53
       Conjure Flame     |       |       |     8 |     3 |       ||    11
       Fireball          |       |       |    20 |   119 |    74 ||   213
       Stone Arrow       |       |       |       |     3 |     4 ||     7
       Airstrike         |       |       |       |     3 |     4 ||     7
       Bolt of Magma     |       |       |       |       |     9 ||     9
Evoke: Wand              |       |       |       |       |     5 ||     5
  Use: Scroll            |       |       |       |    14 |    10 ||    24
       Potion            |       |       |       |       |     2 ||     2
 Stab: Distracted        |       |       |     1 |       |       ||     1
       Sleeping          |       |       |       |     1 |       ||     1
Armor: Robe              |     1 |     3 |     4 |    16 |     9 ||    33
Dodge: Dodged            |     3 |     7 |    12 |    84 |    34 ||   140
Block: Buckler           |       |       |       |    13 |    31 ||    44
       Reflection        |       |       |       |     1 |     7 ||     8
       Rpst.: Long sword |       |       |       |    11 |     1 ||    12
